 Dungeon Crawl Stone Soup version 0.22-a0-833-g8522bf8125 (webtiles) character file.

15 Holzbalken the Cudgeler (level 2, 0/19 HPs)
             Began as a Gargoyle Monk on July 25, 2018.
             Slain by a leopard gecko (2 damage)
             ... on level 1 of the Dungeon.
             The game lasted 00:01:42 (465 turns).

Holzbalken the Cudgeler (Gargoyle Monk)              Turns: 465, Time: 00:01:43

Health: 0/19       AC:  4    Str: 14    XL:     2   Next: 50%
Magic:  2/2        EV: 12    Int: 10    God:
Gold:   27         SH:  0    Dex: 12    Spells: 1/1 levels left

rFire    . . .     SeeInvis .   a - +0 mace
rCold    . . .     Gourm    .   (no shield)
rNeg     + . .     Faith    .   b - +0 robe
rPois    ∞         Spirit   .   (no helmet)
rElec    +         Reflect  .   (no cloak)
rCorr    .         Harm     .   (no gloves)
MR       .....                  (no boots)
Stlth    ++........             (no amulet)
HPRegen  0.06/turn              (no ring)
MPRegen  0.08/turn              (no ring)

@: no status effects
A: negative energy resistance 1, electricity resistance, unbreathing,
petrification resistance, rot immunity, AC +2
a: no special abilities


You were on level 1 of the Dungeon.
You were not hungry.

You visited 1 branch of the dungeon, and saw 1 of its levels.

You collected 27 gold pieces.

Inventory:

Hand Weapons
 a - a +0 mace (weapon)
Armour
 b - a +0 robe (worn)
Scrolls
 e - a scroll of magic mapping {unknown}
 h - a scroll of fear {unknown}
Potions
 d - a potion of berserk rage {unknown}
 f - a potion of heal wounds {unknown}
 g - a potion of haste {unknown}
Comestibles
 c - a ration
 i - 6 chunks of flesh


   Skills:
 - Level 3.2 Fighting
 + Level 3.8 Maces & Flails
 - Level 2.4 Dodging
 - Level 2.1 Stealth


You had one spell level left.
You didn't know any spells.
Your spell library was empty.

Dungeon Overview and Level Annotations

Branches:
Dungeon (1/15)

Altars:


Innate Abilities, Weirdness & Mutations

You are resistant to torment.
Your stone body is resilient. (AC +2)
You are immune to poison.
You resist negative energy. (rN+)
You are resistant to electric shocks. (rElec)
You can survive without breathing.
You are immune to petrification.
You are immune to rotting.


Message History

A hobgoblin comes into view. It is wielding a club.
The hobgoblin shouts!
You hit the leopard gecko.
The leopard gecko is lightly wounded.
The leopard gecko closely misses you.
You miss the leopard gecko.
The leopard gecko is lightly wounded.
The leopard gecko bites you but does no damage.
You closely miss the leopard gecko.
The leopard gecko is lightly wounded.
The leopard gecko bites you.
* * * LOW HITPOINT WARNING * * *
A goblin comes into view. It is wielding a dagger.
The leopard gecko bites you.
* * * LOW HITPOINT WARNING * * *
The goblin shouts!
You see here a scroll labeled AGIFRE LIDD.
The leopard gecko hisses menacingly.
The leopard gecko bites you.
You die...

#g #.####..#...####.## ..
..........# #.# #
####..#....# #.#
#..#....# #.# #..#....#
#.# #..#....# #.#
#..#....# #.# #
###..#....###.########.##
.........)@.(((...).....#
#
###..?...l##..#####.##.##
###...#.........# .#
......#g..##..#.# .#
####.............. ..
................###.#
....>^........#.# .#
##...##.#.##..... ..
..... ...[. ....


You could see a leopard gecko and a goblin.

Vanquished Creatures
  A dart slug (D:1)
  3 goblins (D:1)
  A hobgoblin (D:1)
  4 bats (D:1)
  A frilled lizard (D:1)
  2 kobolds (D:1)
  A rat (D:1)
13 creatures vanquished.

Notes
Turn   | Place    | Note
-------+----------+-------------------------------------------
     0 | D:1      | Holzbalken the Gargoyle Monk began the quest for the Orb.
     0 | D:1      | Reached XP level 1. HP: 14/14 MP: 1/1
   366 | D:1      | Reached XP level 2. HP: 19/19 MP: 2/2
   465 | D:1      | Slain by a leopard gecko

Vault maps used:
D:1:      minmay_arrival_stone_box

Action                   || total
-------------------------++-------
Melee: Mace              ||    58
 Stab: Sleeping          ||     1
Armor: Robe              ||    38
Dodge: Dodged            ||    62

Table legend:
 A = Spawn XP
 B = Non-spawn XP
 C = Spawn XP percentage of total XP
 D = Spawn monster count
 E = Non-spawn monster count
 F = Spawn count percentage of total count
 G = Total turns spent on level
                    A         B        C        D         E        F      G
               +---------+---------+-------+---------+---------+-------+---------
         Total |       0 |      22 |   0.0 |       0 |      13 |   0.0 |   465
               +---------+---------+-------+---------+---------+-------+---------
           D:1 |       0 |      22 |   0.0 |       0 |      13 |   0.0 |   465
               +---------+---------+-------+---------+---------+-------+---------
